 Dungeon Crawl Stone Soup version 0.31-a0-1-g4198be8af4 (webtiles) character file.

Game seed: 1830146184565223200

582 cheesebisquit the Covered (level 7, -1/59 (63) HPs)
             Began as an Armataur Fighter on May 2, 2023.
             Slain by a hell rat (4 damage)
             ... on level 5 of the Dungeon.
             The game lasted 00:09:28 (3875 turns).

cheesebisquit the Covered (Armataur Fighter)        Turns: 3875, Time: 00:09:29

HP:   -1/59 (63)    AC: 13    Str: 23    XL:     7   Next: 14%
MP:   7/7           EV:  5    Int:  9    God:
Gold: 336           SH:  5    Dex:  9    Spells: 6/6 levels left

rFire   . . .        s - +0 morningstar
rCold   . . .        c - +1 buckler
rNeg    . . .        d - +1 storm dragon scales
rPois   .            (no helmet)
rElec   +            e - +1 cloak
rCorr   .            (no gloves)
SInv    .            (no barding)
Will    .....        (no amulet) Stlth
                     h - ring of wizardry
HPRegen 0.29/turn    (no ring)
MPRegen 0.10/turn

%: roll, wizardry (x1)
@: drained
A: large, rugged brown scales 3, deformed body, armoured tail, roll, long
tongue, awkward tongue
a: no special abilities


You were on level 5 of the Dungeon.
You visited 1 branch of the dungeon, and saw 5 of its levels.

You collected 336 gold pieces.

Inventory:

Hand Weapons
 a - a +0 flail
 s - a +0 morningstar (weapon)
Armour
 c - a +1 buckler (worn)
 d - +1 storm dragon scales (worn)
 e - a +1 cloak (worn)
Jewellery
 h - a ring of wizardry (left hand)
Wands
 i - a wand of quicksilver (12)
 j - a wand of charming (4)
 o - a wand of digging (5)
 w - a wand of roots (14)
Scrolls
 f - 2 scrolls of noise {unknown}
 g - 2 scrolls of teleportation
 k - a scroll of amnesia {unknown}
 l - 3 scrolls of poison
 t - a scroll of torment {unknown}
 u - a scroll of acquirement {unknown}
Potions
 b - 3 potions of lignification
 q - 2 potions of magic
 r - a potion of flight {unknown}
 v - a potion of attraction {unknown}
 x - a potion of berserk rage {unknown}


   Skills:
 + Level 4.1 Fighting
 * Level 4.6 Maces & Flails
 + Level 5.4 Armour
 + Level 5.0 Shields


You had 6 spell levels left.
You didn't know any spells.
Your spell library contained the following spells:

 Spells                   Type           Power      Damage    Failure   Level
 Beastly Appendage        Tmut           0%         N/A       77%         1
 Kiss of Death            Conj/Necr      0%         2d5       77%         1
 Necrotise                Necr           0%         1d4       77%         1
 Wereblood                Tmut           0%         N/A       88%         2
 Confusing Touch          Hex            0%         N/A       98%         3
 Portal Projectile        Hex/Tloc       0%         N/A       98%         3
 Spider Form              Tmut/Pois      0%         N/A       98%         3
 Tukima's Dance           Hex            0%         N/A       98%         3
 Vampiric Draining        Necr           0%         2d6       98%         3
 Dispel Undead            Necr           0%         3d6       100%        4
 Agony                    Necr           0%         N/A       100%        5
 Blade Hands              Tmut           0%         N/A       100%        5


Dungeon Overview and Level Annotations

Branches:
Dungeon (5/15)
 Temple: D:4-7

Altars:
Gozag

Annotations:
D:4 3 runed translucent doors, retardedninja's ghost, amateur GnFE


Innate Abilities, Weirdness & Mutations

You are completely covered in rugged brown scales. (AC +3, +7% HP)
Armour fits poorly on your strangely shaped body.
You have a long armoured tail.
You roll when moving toward enemies. (Rampage)
Your long tongue fully drains potion bottles. (2x potion effects)
Your tongue gives you trouble enunciating. (1.5x scroll delay)


Message History

The hell rat is heavily wounded.
You block the hell rat's attack.
You closely miss the hell rat.
The hell rat is heavily wounded.
The hell rat barely misses you. You block the hell rat's attack.
You sock the hell rat!
The hell rat is almost dead.
The hell rat bites you. The hell rat bites you!
* * * LOW HITPOINT WARNING * * *
You feel drained.
* * * LOW HITPOINT WARNING * * *
You are too injured to fight recklessly!
You are too injured to fight recklessly!
The hell rat attacks as you move away!
The hell rat bites you but does no damage.
The river rat twitches its whiskers.
The hell rat attacks as you move away!
The hell rat bites you but does no damage.
The hell rat attacks as you move away!
The hell rat bites you but does no damage.
The hell rat attacks as you move away!
The hell rat bites you but does no damage.
The hell rat bites you!
* * * LOW HITPOINT WARNING * * *
You closely miss the hell rat.
You tail-slap the hell rat, but do no damage.
The hell rat is almost dead.
The hell rat bites you but does no damage.
You feel better.
You slurp down every last drop of the potion of curing!
The hell rat bites you!
* * * LOW HITPOINT WARNING * * *
You barely miss the hell rat.
The hell rat is almost dead.
You block the hell rat's attack. The hell rat bites you!
* * * LOW HITPOINT WARNING * * *
You barely miss the hell rat.
The hell rat is almost dead.
The hell rat bites you.
You die...

#..##.......###.#...#.####..#
###...#......##†.#.###.#...###[
#...........##.##### ######.##.
##........###.## ######.#.
#...##..##..## ...##†.##.
##.##...#.### ..##.###..
######.##.## .r. ##.##..
#..#.#.#######.# #.##.#..
###..####.@##...#...##.##..
#.......###rrr.r..# #..##..
#.........###########..#..#
#.................##.###...
###...#........##.....##...
#...#...(...........#....
#................#..#....
###.......##.....#.......
###........#..............


You could see 3 hell rats and a river rat.

Vanquished Creatures
  A water moccasin (D:4)
  A scorpion (D:5)
  3 wights (D:5)
  An orc wizard (D:5)
  10 adders
  6 river rats (D:5)
  2 worms
  3 dart slugs
  8 orcs
  4 ball pythons
  7 endoplasms
  9 goblins
  7 hobgoblins
  3 jackals (D:3)
  3 quokkas
  3 bats
  6 frilled lizards
  8 kobolds
  7 rats
92 creatures vanquished.

Notes
Turn   | Place    | Note
-------+----------+-------------------------------------------
     0 | D:1      | cheesebisquit the Armataur Fighter began the quest for the
                  | Orb.
     0 | D:1      | Reached XP level 1. HP: 19/19 MP: 1/1
    86 | D:1      | Reached XP level 2. HP: 22/26 MP: 2/2
   691 | D:2      | Found a faded altar of an unknown god.
   740 | D:2      | Reached XP level 3. HP: 20/33 MP: 3/3
  1078 | D:2      | Reached XP level 4. HP: 28/40 MP: 4/4
  2094 | D:4      | Reached XP level 5. HP: 48/48 MP: 5/5
  2121 | D:4      | Found a runed translucent gate.
  2121 | D:4      | Found a runed translucent gate.
  2121 | D:4      | Found an opulent altar of Gozag.
  2122 | D:4      | Found a runed translucent gate.
  2197 | D:4      | Noticed retardedninja's ghost (amateur GnFE)
  2635 | D:5      | Entered Level 5 of the Dungeon
  2635 | D:5      | Noticed an ogre
  2884 | D:5      | Noticed a water moccasin
  2926 | D:4      | Killed a water moccasin
  2927 | D:4      | Reached XP level 6. HP: 30/55 MP: 6/6
  3047 | D:5      | Reached skill level 5 in Armour
  3079 | D:5      | HP: 2/53 [wight/+1 spear (3)]
  3366 | D:5      | Reached XP level 7. HP: 8/60 MP: 7/7
  3779 | D:5      | Reached skill level 5 in Shields
  3875 | D:5      | Slain by a hell rat

Illustrated notes

Levels and vault maps discovered:
D:1:      wander_arrival_fairy_ring, layout_basic, serial_rivers,
          chequers_serial_rivers_micro_d, chequers_serial_rivers_small_b,
          chequers_serial_rivers_micro_d, chequers_serial_rivers_room_b,
          chequers_serial_rivers_small_a, chequers_serial_rivers_small_a,
          hangedman_abyss_or_decor_lesser_grid
D:2:      layout_basic, hellmonk_ecumenical_altar_leap_of_faith, minivault_25,
          grunt_ministairs_5
D:3:      layout_rooms
D:4:      layout_cave_pools, ebering_ghost_gozag
D:5:      wander_guarded_unrand_ratskin, layout_cave_pools

Skill      XL: |  1  2  3  4  5  6  7 |
---------------+----------------------+-----
Maces & Flails | 2 3 4 |  4.6
Fighting       | 3 4 |  4.1
Armour         | 4 5 |  5.4
Shields        | 4 5 |  5.0

Action                     |  1- 3 |  4- 6 |  7- 9 || total
---------------------------+-------+-------+-------++-------
  Melee: Flail             |   132 |    68 |       ||   200
         Tailslap          |    10 |    14 |     2 ||    26
         Morningstar       |       |   103 |    30 ||   133
    Use: Potion            |     3 |     3 |     1 ||     7
         Scroll            |       |    10 |       ||    10
 Armour: Scale mail        |    64 |       |       ||    64
         Storm dragon scal |    38 |   138 |    16 ||   192
  Dodge: Dodged            |    62 |    63 |     6 ||   131
  Block: Buckler           |    22 |    45 |     7 ||    74

Table legend: (Time is in decaauts)
 A = Elapsed time spent in this place.
 B = Non-inter-level travel time spent in this place.
 C = Inter-level travel time spent in this place.
 D = Time resting spent in this place.
 E = Time spent auto-exploring this place.
 F = Levels seen in this place.
 G = Mean time per level.
                   A        B        C        D        E       F      G
               +--------+--------+--------+--------+--------+-----+--------+
         Total |   3986 |   3910 |     76 |    154 |   2962 |   5 |  797.2 |
       Dungeon |   3986 |   3910 |     76 |    154 |   2962 |   5 |  797.2 |
               +--------+--------+--------+--------+--------+-----+--------+

Top non-repeatable levels by time:
     D:4: 1082 daAuts
     D:2: 874 daAuts
     D:5: 757 daAuts
     D:1: 676 daAuts
     D:3: 596 daAuts
